Map: [ESL] Alcyone

Players

herO

  • Race: Protoss Protoss
  • Spawn Location: 1:00

Cure - Winner!

  • Race: Terran Terran
  • Spawn Location: 7:00

Event: IEM Katowice 2024

VOD

Have the link to the VOD?

Description

Time

  • Played on: Feb. 10, 2024, 4 p.m.
  • Length: 9:58

All games in this series

Show
View Real Time Build Order
Export as new Build Order

herO Protoss 

Build Orders: Phoenix Opening, Rush 

Get SALT Encoding   

  12  0:00  Probe  
  13  0:12  Probe  
  14  0:17  Pylon  
  14  0:24  Probe (Chrono Boost)  
  16  0:36  Gateway, Probe (Chrono Boost)  
  16  0:43  Probe (Chrono Boost)  
  16  0:46  Assimilator  
  17  0:50  Probe  
  17  0:53  Assimilator  
  18  1:02  Probe  
  19  1:12  Pylon  
  19  1:15  Probe  
  20  1:27  Cybernetics Core, Probe  
  21  1:39  Probe  
  22  1:51  Probe  
  23  1:57  Nexus  
  23  2:01  Adept (Chrono Boost)  
  25  2:11  Stargate  
  25  2:12  Probe  
  25  2:13  Warp Gate (Chrono Boost)  
  26  2:23  Adept  
  26  2:25  Probe  
  29  2:32  Pylon  
  29  2:37  Probe  
  30  2:49  Probe  
  31  2:53  Adept  
  31  2:57  Phoenix (Chrono Boost)  
  36  3:12  Phoenix (Chrono Boost)  
  34  3:13  Gateway x2  
  36  3:25  Stalker  
  38  3:29  Probe  
  38  3:32  Probe  
  40  3:37  Phoenix  
  42  3:45  Pylon  
  42  3:47  Probe  
  43  3:52  Probe  
  43  4:03  Adept  
  43  4:06  Adept  
  43  4:07  Adept  
  48  4:10  Probe  
  48  4:12  Probe  
  50  4:23  Probe  
  52  4:26  Phoenix  
  53  4:31  Probe  
  53  4:35  Probe  
  49  4:51  Phoenix  
  49  4:52  Twilight Council  
  43  4:53  Stalker  
  43  4:56  Probe x2  
  43  4:58  Assimilator  
  43  4:59  Stalker  
  48  5:08  Probe x2  
  48  5:15  Shield Battery  
  48  5:17  Stalker  
  48  5:20  Probe  
  45  5:21  Probe  
  45  5:23  Stalker  
  45  5:27  Stalker  
  43  5:32  Probe  
  43  5:33  Probe  
  38  5:41  Stalker  
  39  5:45  Probe x2  
  41  5:51  Stalker  
  41  5:56  Stalker  
  45  5:58  Probe x2  
  43  6:13  Probe x2  
  39  6:19  Charge (Chrono Boost)  
  39  6:21  Phoenix  
  39  6:25  Probe x2  
  39  6:27  Stalker  
  39  6:30  Stalker  
  45  6:35  Stalker  
  45  6:38  Probe x2  
  45  6:39  Phoenix  
  50  6:58  Adept x2  
  50  6:59  Adept  
  55  7:10  Phoenix (Chrono Boost)  
  55  7:11  Pylon  
  55  7:13  Forge  
  55  7:14  Probe  
  55  7:15  Probe  
  59  7:28  Phoenix (Chrono Boost)  
  59  7:29  Gateway  
  61  7:31  Gateway  
  61  7:32  Gateway  
  61  7:36  Gateway  
  61  7:49  Phoenix (Chrono Boost)  
  63  7:52  Zealot x3, Protoss Ground Weapons Level 1 (Chrono Boost)  
  63  7:56  Pylon  
  69  7:59  Pylon  
  69  8:05  Phoenix (Chrono Boost)  
  71  8:20  Nexus  
  71  8:25  Probe x2  
  74  8:35  Sentry, Zealot x2  
  74  8:38  Zealot  
  84  8:44  Templar Archives, Pylon  
  84  8:46  Zealot  
  84  8:47  Zealot  
  84  8:49  Zealot  
  79  8:58  Probe x2  
  79  9:01  Photon Cannon  
  81  9:10  Probe x2  
  81  9:13  Zealot  
  81  9:14  Zealot x2  
  75  9:27  Zealot x3  
  75  9:30  Zealot  
  61  9:42  Zealot x3  
  54  9:51  Zealot x2  
Show
View Real Time Build Order
Export as new Build Order

Cure Terran - Winner!

Build Orders: Cyclone Opening 

Get SALT Encoding   

  12  0:00  SCV  
  13  0:12  SCV  
  14  0:17  Supply Depot  
  14  0:24  SCV  
  14  0:28  Refinery  
  15  0:38  SCV  
  16  0:44  Barracks  
  16  0:50  SCV  
  17  1:02  SCV  
  18  1:06  Engineering Bay  
  18  1:15  SCV  
  19  1:32  Marine  
  19  1:33  Orbital Command  
  19  1:37  Factory  
  20  1:47  Supply Depot  
  20  1:51  Barracks Reactor  
  20  1:59  SCV  
  21  2:12  SCV  
  22  2:24  SCV  
  23  2:30  Command Center  
  23  2:32  Cyclone  
  23  2:34  Cyclone  
  27  2:40  Supply Depot  
  27  2:41  SCV  
  27  2:43  Marine  
  29  2:50  Bunker  
  29  2:53  SCV  
  29  3:03  Marine  
  29  3:05  SCV  
  31  3:06  Cyclone x2  
  35  3:17  SCV  
  36  3:21  Marine, Supply Depot  
  37  3:29  SCV  
  38  3:37  Barracks  
  38  3:41  SCV  
  38  3:43  Cyclone  
  38  3:44  Barracks Tech Lab  
  41  3:52  Orbital Command  
  41  3:54  SCV  
  41  4:04  Marine  
  41  4:06  Bunker, SCV  
  41  4:09  Barracks  
  43  4:17  Stimpack  
  43  4:18  SCV  
  43  4:22  Marine  
  43  4:24  Hellion, Cyclone  
  46  4:25  SCV  
  46  4:27  Marine  
  50  4:32  Supply Depot  
  50  4:38  SCV x2  
  49  4:39  Marine  
  47  4:45  Marine  
  47  4:50  SCV x2  
  48  4:57  Marine  
  49  5:02  SCV x2  
  49  5:06  Marine  
  50  5:14  SCV x2  
  50  5:15  Marine  
  50  5:20  Marine x2  
  55  5:24  Marine  
  55  5:26  SCV  
  55  5:27  SCV  
  50  5:37  Marine  
  50  5:38  Marine x2  
  50  5:39  SCV x2  
  50  5:40  Factory Reactor  
  50  5:41  Engineering Bay  
  55  5:44  Barracks Tech Lab  
  55  5:46  Refinery  
  55  5:47  Refinery, Starport  
  55  5:51  SCV x2  
  55  5:56  Marine x3  
  59  6:03  SCV x2, Refinery  
  55  6:15  SCV x2  
  55  6:18  Marauder, Marine x2  
  55  6:19  Marauder  
  55  6:24  Command Center  
  56  6:27  SCV x2  
  56  6:30  Combat Shield  
  56  6:31  Barracks x2  
  57  6:34  Terran Infantry Weapons Level 1  
  57  6:38  Missile Turret  
  57  6:39  SCV x2  
  59  6:41  Marauder x2  
  59  6:45  Marine  
  59  6:46  Supply Depot, Marine  
  65  6:48  Medivac  
  65  6:53  SCV x2  
  69  6:56  Factory Reactor  
  69  7:02  Marine  
  69  7:05  Supply Depot x2, Medivac  
  70  7:09  Supply Depot  
  70  7:10  Marauder  
  70  7:11  Marine  
  70  7:12  Marine  
  74  7:15  Concussive Shells  
  74  7:18  SCV  
  74  7:19  SCV  
  74  7:20  Marauder, Supply Depot  
  78  7:26  Medivac  
  78  7:27  Barracks Reactor, Barracks Tech Lab  
  80  7:31  Marine x2  
  80  7:34  Marauder  
  80  7:35  Widow Mine x2  
  80  7:37  Orbital Command  
  88  7:40  SCV x2  
  92  7:44  Marauder  
  92  7:48  Marine  
  92  7:49  Marine  
  94  7:52  Marauder  
  94  7:53  Bunker  
  94  7:55  Marine, Medivac  
  99  7:58  SCV x2  
  103  8:05  Marauder  
  103  8:08  Marine x3  
  106  8:12  Medivac  
  106  8:13  Marauder x2  
  106  8:17  Widow Mine x2  
  117  8:26  Medivac  
  117  8:29  Marine x4, Marauder  
  117  8:33  Supply Depot  
  123  8:34  Supply Depot  
  123  8:38  Marauder  
  125  8:42  Supply Depot  
  125  8:47  Marauder  
  125  8:51  Widow Mine  
  125  8:53  Marine, Widow Mine  
  125  8:54  Marine x3  
  125  8:55  Marauder  
  127  8:57  Medivac  
  127  8:59  Marauder  
  127  9:06  Orbital Command  
  127  9:07  SCV x2  
  127  9:09  Medivac  
  131  9:14  Marine x4  
  131  9:15  Marauder  
  131  9:16  Marauder, Supply Depot  
  132  9:26  Marine, Widow Mine x2  
  132  9:27  Medivac  
  137  9:32  Marine  
  137  9:36  Marauder  

Tags
 
Add a new tag
Caveats
  • Supply blocks, unpowered buildings, or Contaminate may cause inaccurate times.
  • Supply counts are checked every 10 seconds.